 Dungeon Crawl Stone Soup version 0.31-a0-664-g902f515a81 (webtiles) character file.

Game seed: 3393866740665588883

111 Xavori the Cutter (level 4, 0/21 HPs)
             Began as a Vine Stalker Chaos Knight on Sept 3, 2023.
             Was a Plaything of Xom.
             Slain by a +1 spectral club (4 damage)
             ... created by Ijyb
             ... on level 3 of the Dungeon.
             The game lasted 00:02:45 (10871 turns).

Xavori the Cutter (Vine Stalker Chaos Knight)      Turns: 10871, Time: 00:02:46

Health: 0/21       AC:  6    Str: 14    XL:     4   Next: 92%
Magic:  0/5        EV:  8    Int: 12    God:    Xom [*.....]
Gold:   209        SH:  5    Dex: 18    Spells: 3/3 levels left

rFire   . . .        a - +0 short sword (chaos)
rCold   + . .        (no shield)
rNeg    . . .        m - +2 leather armour {rC+}
rPois   .            q - +0 helmet
rElec   .            (no cloak)
rCorr   .            (no gloves)
SInv    .            (no boots)
Will    .....        j - amulet of reflection
Stlth   ++           i - +6 ring of dexterity
HPRegen 1.03/turn    (no ring)
MPRegen 0.09/turn

%: random rage (3%), reflection, guardian spirit
@: grasped by roots, constricted
A: fangs 2, regeneration 1, magic shield, antimagic bite, no potion heal 2,
berserk 1, clumsy 2, frail 1
a: Renounce Religion


You were on level 3 of the Dungeon.
You worshipped Xom.
You were a special plaything of Xom.
You visited 1 branch of the dungeon, and saw 3 of its levels.

You collected 1069 gold pieces.
You spent 860 gold pieces at shops.

Inventory:

Hand Weapons
 a - a +0 short sword of chaos (weapon)
Armour
 m - a +2 leather armour of cold resistance (worn)
 q - a +0 helmet (worn)
Jewellery
 i - a +6 ring of dexterity (left hand)
 j - an amulet of reflection (around neck)
Talismans
 h - a flux talisman
 k - a beast talisman
 o - a maw talisman
Scrolls
 b - a scroll of vulnerability {unknown}
 c - a scroll of butterflies
 d - 2 scrolls of identify {unknown}
 f - a scroll of blinking {unknown}
 g - a scroll of fog {unknown}
 n - a scroll of teleportation
 p - a scroll of amnesia {unknown}
Potions
 e - a potion of curing
 l - a potion of cancellation {unknown}


   Skills:
 + Level 3.4 Fighting
 + Level 3.4 Short Blades
 + Level 2.5 Armour
 + Level 1.1 Dodging
 + Level 1.2 Stealth
 + Level 0.4 Shields


You had 3 spell levels left.
You didn't know any spells.
Your spell library contained the following spells:

 Spells                   Type           Power      Damage    Failure   Level
 Vhi's Electric Charge    Tloc/Air       0%         N/A       99%         4
 Arcjolt                  Conj/Air       0%         1d10      100%        5
 Plasma Beam              Fire/Air       0%         2x1d10    100%        6


Dungeon Overview and Level Annotations

Branches:
Dungeon (3/15)

Altars:

Shops:
D:1 =

Annotations:
D:3 Ijyb


Innate Abilities, Weirdness & Mutations

You have extremely sharp teeth.
Your natural rate of healing is unusually fast.
When hurt, damage is shared between your health and your magic reserves.
Your bite disrupts and absorbs the magic of your enemies.
Potions cannot restore your health.
You sometimes lose your temper in combat.
You are very clumsy. (Dex -4)
You are frail. (-10% HP)


Message History

Ijyb shouts!
Ijyb is nearby!
Ijyb is nearby!
Found a scroll labelled MOLUOTZEIFE.
Ijyb is nearby!
Ijyb hits you with a +1 spectral club. The +1 spectral club misses you.
A +1 spectral club comes into view.
You hit Ijyb but do no damage. Ijyb hits you but does no damage.
The +1 spectral club hits you.
You hit Ijyb. You freeze Ijyb.
Ijyb is lightly wounded.
You closely miss Ijyb. You bite Ijyb, but do no damage.
Ijyb is lightly wounded.
Ijyb misses you. The +1 spectral club hits you.
You hit Ijyb but do no damage. Your bite misses Ijyb.
Ijyb is lightly wounded.
Ijyb hits you with a +1 spectral club. The +1 spectral club hits you.
Unknown command.
You hit Ijyb. You freeze Ijyb.
Ijyb is moderately wounded.
Ijyb hits you with a +1 spectral club!
The +1 spectral club hits you but does no damage.
You are too injured to fight recklessly!
You barely miss Ijyb. You bite Ijyb. You drain her power.
You feel invigorated.
Ijyb is moderately wounded.
Ijyb hits you but does no damage. The +1 spectral club hits you.
* * * LOW HITPOINT WARNING * * *
You completely miss Ijyb. You bite Ijyb, but do no damage.
Ijyb is moderately wounded.
Ijyb zaps a wand.
The roots erupt in riotous growth!
The grasping roots grab you!
Ijyb is unaffected.
The grasping roots constrict you.
* * * LOW HITPOINT WARNING * * *
Unknown command.
Okay, then.
It was a potion of curing.
That felt strangely inert.
Xom thinks this is hilarious!
The +1 spectral club disappears.
You block Ijyb's attack. The +1 spectral club hits you.
You die...

#.##.## #.?.....#
#.##.## . #.......#
#.##.## ..
###.......###.##.##
..###.........#.÷.....'
.......... #.#.##.##
#......# #.#.##.##
#.g....# #.#.##.#
#.(@...#####.#.##.#
#......#.......##.#
#.$....#.###.#.##.#
#........###.#.##+##
########...#.#......
#.#.#†#......
#.#...##.....
#............
#####........


You could see a +1 spectral club (wandering) and Ijyb.

Vanquished Creatures
  Robin (D:3)
  A gnoll (D:1)
  2 adders (D:3)
  A worm (D:3)
  4 endoplasms
  3 giant cockroaches
  14 goblins
  6 hobgoblins
  4 jackals (D:3)
  4 quokkas
  6 ball pythons
  3 bats
  3 frilled lizards (D:1)
  6 kobolds
  4 rats
62 creatures vanquished.

Notes
Turn   | Place    | Note
-------+----------+-------------------------------------------
     0 | D:1      | Xavori the Vine Stalker Chaos Knight began the quest for
                  | the Orb.
     0 | D:1      | Reached XP level 1. HP: 11/11 MP: 2/2
     2 | D:1      | XOM: silly message
    67 | D:1      | XOM: silly message
    81 | D:1      | Reached XP level 2. HP: 10/16 MP: 0/3
    93 | D:1      | XOM: butterfly on damage
   124 | D:1      | Found Hiwkekales's Jewellery Boutique.
   441 | D:1      | Reached XP level 3. HP: 14/20 MP: 4/4
   444 | D:1      | Reached skill level 1 in Dodging
   458 | D:1      | Noticed a great orb of eyes
   460 | D:1      | Found a faded altar of an unknown god.
   483 | D:1      | XOM: divination: detect creatures
   558 | D:1      | Noticed an eye of devastation
   562 | D:1      | Noticed a shining eye
   562 | D:1      | Noticed a floating eye
   897 | D:1      | XOM: cloud trail
  1455 | D:1      | XOM: cloud trail
  1883 | D:1      | XOM: silly message
  1886 | D:1      | XOM: silly message
  2133 | D:1      | XOM is BORED!
  2133 | D:1      | XOM: silly message
  2941 | D:1      | XOM is BORED!
  3563 | D:1      | XOM: give mutation
  3563 | D:1      | Gained mutation: You are covered in fur. (AC +1) [Xom's
                  | grace]
  3784 | D:1      | XOM: god gift: scroll labelled RORUNN WOHUUNU {god gift}
  4612 | D:1      | XOM: scenery: summon butterflies
  4723 | D:1      | XOM: give mutations
  4723 | D:1      | Gained mutation: You are clumsy. (Dex -2) [Xom's mischief]
  4723 | D:1      | Gained mutation: You are partially covered in iridescent
                  | scales. (AC +2) [Xom's mischief]
  4723 | D:1      | Gained mutation: You occasionally lose the ability to read
                  | scrolls when taking damage. [Xom's mischief]
  4723 | D:1      | Gained mutation: You are resistant to electric shocks.
                  | (rElec) [Xom's mischief]
  4732 | D:1      | XOM: give mutations
  4732 | D:1      | Gained mutation: You are very clumsy. (Dex -4) [Xom's
                  | mischief]
  4732 | D:1      | Gained mutation: You are strong-willed. (Will+) [Xom's
                  | mischief]
  4732 | D:1      | Lost mutation: You are partially covered in iridescent
                  | scales. (AC +2) [Xom's mischief]
  4732 | D:1      | Lost mutation: You are resistant to electric shocks.
                  | (rElec) [Xom's mischief]
  4740 | D:1      | XOM: silly message
  4769 | D:1      | XOM: summons 1 hostile demon
  5583 | D:1      | XOM: god gift: 5 atropa-tipped darts
  6805 | D:1      | XOM is BORED!
  6805 | D:1      | XOM: summons 1 hostile shadow creature
  6976 | D:1      | XOM: god gift: 840 gold pieces
  7410 | D:1      | XOM: give mutation
  7410 | D:1      | Gained mutation: You are dopey. (Int -2) [Xom's mischief]
  8149 | D:1      | XOM: give mutations
  8149 | D:1      | Lost mutation: You are dopey. (Int -2) [Xom's mischief]
  8149 | D:1      | Lost mutation: You are strong-willed. (Will+) [Xom's
                  | mischief]
  8149 | D:1      | Gained mutation: You are frail. (-10% HP) [Xom's mischief]
  8149 | D:1      | Lost mutation: You are covered in fur. (AC +1) [Xom's
                  | mischief]
  9472 | D:1      | Bought a +6 ring of dexterity for 360 gold pieces
  9472 | D:1      | Bought an amulet of reflection for 300 gold pieces
  9472 | D:1      | Bought a beast talisman for 200 gold pieces
 10248 | D:2      | XOM: give mutations
 10248 | D:2      | Lost mutation: You occasionally lose the ability to read
                  | scrolls when taking damage. [Xom's mischief]
 10248 | D:2      | Gained mutation: You sometimes lose your temper in combat.
                  | [Xom's mischief]
 10325 | D:3      | XOM: butterfly on damage
 10484 | D:3      | Reached skill level 1 in Stealth
 10484 | D:3      | Reached XP level 4. HP: 17/21 MP: 3/5
 10562 | D:3      | Noticed Robin
 10592 | D:3      | Killed Robin
 10860 | D:3      | Noticed Ijyb
 10871 | D:3      | Slain by a +1 spectral club

Illustrated notes

Levels and vault maps discovered:
D:1:      minmay_arrival_four_loops, layout_basic,
          hellmonk_ecumenical_altar_watching_god, serial_shops, shop
D:2:      layout_basic, dk_noncrumbling_2
D:3:      layout_basic, serial_shops, nicolae_shop_gaudy_bauble, uniq_ijyb,
          uniq_robin

Skill      XL: |  1  2  3 |
---------------+----------+-----
Fighting       | 3 |  3.4
Short Blades   | 3 |  3.4
Dodging        | 1 |  1.1
Armour         | 2 |  2.5
Stealth        | 1 |  1.2
Shields        | |  0.4

Action                     |  1- 3 |  4- 6 || total
---------------------------+-------+-------++-------
  Melee: Short sword       |   138 |    65 ||   203
         Bite              |    32 |    12 ||    44
         Punch             |     1 |       ||     1
    Use: Scroll            |     1 |       ||     1
         Potion            |       |     1 ||     1
   Stab: Sleeping          |     1 |       ||     1
 Armour: Leather armour    |    51 |    41 ||    92
  Dodge: Dodged            |    65 |    18 ||    83
  Block: Other             |    12 |    13 ||    25

Table legend: (Time is in decaauts)
 A = Elapsed time spent in this place.
 B = Non-inter-level travel time spent in this place.
 C = Inter-level travel time spent in this place.
 D = Time resting spent in this place.
 E = Time spent auto-exploring this place.
 F = Levels seen in this place.
 G = Mean time per level.
                   A        B        C        D        E       F      G
               +--------+--------+--------+--------+--------+-----+--------+
         Total |  10863 |  10753 |    110 |   8587 |   1756 |   3 | 3621.0 |
       Dungeon |  10863 |  10753 |    110 |   8587 |   1756 |   3 | 3621.0 |
               +--------+--------+--------+--------+--------+-----+--------+

Top non-repeatable levels by time:
     D:1: 9414 daAuts
     D:2: 842 daAuts
     D:3: 605 daAuts
